 Dungeon Crawl Stone Soup version 0.18-a0-1229-ge9a1a01 (webtiles) character file.

640 MrRokkomies the Conjurer (level 7, -8/49 HPs)
             Began as an Octopode Conjurer on Feb 4, 2016.
             Was a Follower of Ashenzari.
             Mangled by Leszczynek's ghost (12 damage)
             ... on level 5 of the Dungeon.
             The game lasted 00:17:45 (5830 turns).

MrRokkomies the Conjurer (Octopode Conjurer)        Turns: 5830, Time: 00:17:45

Health: -8/49      AC:  1    Str:  8    XL:     7   Next: 51%
Magic:  7/10       EV: 11    Int: 19    God:    Ashenzari [*.....]
Gold:   299        SH:  1    Dex: 12    Spells: 3 memorised, 4 levels left

rFire  . . .     SeeInvis .     f - +1 mace (venom)
rCold  . . .     Gourm    .     q - -2 buckler (curse)
rNeg   . . .     Faith    .     (helmet restricted)
rPois  .         Spirit   .     (no amulet)
rElec  .         Dismiss  .     n - ring of stealth
rCorr  .         Reflect  .     (no ring)
SustAt .         Harm     .     (no ring)
MR     .....                    (no ring)
Stlth  ++++......               (no ring)
                                (no ring)
                                (no ring)
                                (no ring)

@: not resistant to hostile enchantments, stealthy
A: almost no armour, amphibious, 8 rings, constrict 8, camouflage 1, gelatinous
body 1
a: Scrying, Renounce Religion


You were on level 5 of the Dungeon.
You worshipped Ashenzari.
Ashenzari was aware of your devotion.
You were not hungry.

You visited 1 branch of the dungeon, and saw 5 of its levels.

You collected 299 gold pieces.

Inventory:

Hand Weapons
 f - a +1 mace of venom (weapon)
Armour
 q - a cursed -2 buckler (worn)
Jewellery
 n - a ring of stealth (left tentacle)
Wands
 h - a wand of confusion (21/48)
Scrolls
 i - 2 scrolls of teleportation
 k - 2 scrolls of identify
 p - a scroll of acquirement {unknown}
Potions
 d - 2 potions of might
 e - 3 potions of flight
 j - a potion of agility
 o - a potion of curing
 r - a potion of lignification {unknown}
Books
 a - a book of Conjurations

   Spells                             Type                      Level
   a - Magic Dart                     Conjuration                  1
   b - Searing Ray                    Conjuration                  2
   c - Dazzling Spray                 Conjuration/Hexes            3
   d - Fulminant Prism                Conjuration/Hexes            4
   e - Iskenderun's Mystic Blast      Conjuration                  4
   f - Iskenderun's Battlesphere      Conjuration/Charms           5
 g - a Grand Grimoire

   Spells                             Type                      Level
   a - Monstrous Menagerie            Summoning                    7
   b - Summon Greater Demon           Summoning                    7
   c - Malign Gateway                 Summoning/Translocation      7
   d - Summon Horrible Things         Summoning                    8
Comestibles
 b - 4 bread rations
 l - a royal jelly
 m - 2 meat rations


   Skills:
 - Level 4.4 Fighting
 * Level 1.9 Maces & Flails
 - Level 2.0 Dodging
 - Level 2.6 Stealth
 - Level 2.0 Spellcasting
 * Level 7.2 Conjurations


You had 4 spell levels left.
You knew the following spells:

 Your Spells              Type           Power        Failure   Level  Hunger
a - Magic Dart            Conj           ####         1%          1    #......
b - Searing Ray           Conj           ####..       2%          2    ###....
c - Dazzling Spray        Conj/Hex       ###.....     21%         3    ###....


Dungeon Overview and Level Annotations

Branches:
Dungeon (5/15)
 Temple: D:4-7

Altars:
Ashenzari
Elyvilon
Gozag
Qazlal
Ru
Sif Muna
Yredelemnul
Zin

Annotations:
D:5 Leszczynek's ghost, novice FoFi


Innate Abilities, Weirdness & Mutations

You cannot wear most types of armour.
You are amphibious.
You can wear up to eight rings at the same time.
You can use your tentacles to constrict eight enemies at once.
Your skin changes colour to match your surroundings (Stealth).
Your rubbery body absorbs attacks (AC +1).


Message History

The gnoll is heavily wounded.
Leszczynek's ghost hits you! The gnoll barely misses you.
The searing ray misses the gnoll.
Leszczynek's ghost barely misses you. The gnoll hits you with a spear.
The searing ray hits the gnoll.
You kill the gnoll!
Leszczynek's ghost hits you!
* * * LOW HITPOINT WARNING * * *
You see here an uncursed spear.
Drink which item? (? for menu, Esc to quit)
You feel much better.
Leszczynek's ghost lets out a mournful wail.
Leszczynek's ghost hits you!
* * * LOW HITPOINT WARNING * * *
Leszczynek's ghost closely misses you. Leszczynek's ghost hits you!
* * * LOW HITPOINT WARNING * * *
You see here an uncursed spear.
Leszczynek's ghost hits you!
You die...

.... #...#...###...###...#.#.....
#..##..#####.##.## #####.#.....
###......#.# #..#.# #....#.....
....###..#.###.##.##.............
###........#...#...#.............
#....##..#####.#.⌠.##............
#.##.##..# #)#...##............
..##.....#####.##.###............
............##.W@.# #............
............##...## ....c........
............##...#
............##...#
............##...#
............###### ............#
#############


You could see Leszczynek's ghost.

Vanquished Creatures
  2 ogres (D:4)
  A scorpion (D:5)
  A hound (D:4)
  Crazy Yiuf (D:3)
  An orc wizard (D:4)
  A centaur skeleton (D:4)
  A gnoll shaman (D:5)
  2 worker ants (D:4)
  6 gnolls (D:5)
  3 adders
  An ooze (D:4)
  An adder zombie (D:5)
  An adder skeleton (D:5)
  3 worms
  5 giant geckos
  10 orcs
  2 ball pythons (D:2)
  9 bats
  4 giant cockroaches
  7 goblins
  9 hobgoblins
  4 jackals
  5 quokkas
  A giant newt (D:2)
  6 kobolds
  9 rats
96 creatures vanquished.

Vanquished Creatures (others)
  2 orc wizards (D:3)
2 creatures vanquished.

Grand Total: 98 creatures vanquished

Notes
Turn   | Place    | Note
--------------------------------------------------------------
     0 | D:1      | MrRokkomies the Octopode Conjurer began the quest for the Orb.
     0 | D:1      | Reached XP level 1. HP: 11/11 MP: 3/3
   106 | D:1      | Reached XP level 2. HP: 17/17 MP: 1/5
   779 | D:2      | Reached XP level 3. HP: 16/21 MP: 4/6
   850 | D:2      | Learned a level 2 spell: Searing Ray
   854 | D:2      | Learned a level 3 spell: Dazzling Spray
   895 | D:2      | Found a glowing silver altar of Zin.
   930 | D:2      | Reached skill level 5 in Conjurations
  1303 | D:2      | Reached skill level 1 in Fighting
  1595 | D:2      | Reached XP level 4. HP: 17/28 MP: 1/7
  2359 | D:3      | Found a shattered altar of Ashenzari.
  2373 | D:3      | Found an opulent altar of Gozag.
  2374 | D:3      | Found a stormy altar of Qazlal.
  2376 | D:3      | Found a basalt altar of Yredelemnul.
  2432 | D:3      | Found a faded altar to an unknown god.
  2438 | D:3      | Became a worshipper of Ashenzari the Shackled
  2438 | D:3      | Reached * piety under Ashenzari
  3025 | D:3      | Found a deep blue altar of Sif Muna.
  3041 | D:3      | Reached XP level 5. HP: 16/34 MP: 1/8
  3491 | D:3      | Noticed Crazy Yiuf
  3497 | D:3      | Killed Crazy Yiuf
  3595 | D:4      | Noticed an ogre
  3612 | D:4      | Noticed an ogre
  3625 | D:4      | Killed an ogre
  3625 | D:4      | Reached skill level 6 in Conjurations
  3625 | D:4      | Reached XP level 6. HP: 7/42 MP: 5/9
  4528 | D:4      | Reached XP level 7. HP: 30/48 MP: 2/10
  5223 | D:5      | Entered Level 5 of the Dungeon
  5283 | D:5      | Found a white marble altar of Elyvilon.
  5369 | D:5      | Noticed Leszczynek's ghost (novice FoFi)
  5405 | D:5      | Found a sacrificial altar of Ru.
  5460 | D:5      | Reached skill level 1 in Maces & Flails
  5460 | D:5      | Reached skill level 7 in Conjurations
  5830 | D:5      | Mangled by Leszczynek's ghost

Vault maps used:
D:1:      lemuel_arrival_lava_pool
D:2:      lemuel_coloured_pillars_altar, grunt_ministairs_10
D:3:      led_sif_book, overflow_temple_1_default, grunt_temple_overflow_open,
          ecumenical_altar_2, uniq_crazy_yiuf_cottage
D:5:      kennysheep_mini_moat, first_bread, elyvilon_altar_1

Action                   |  1- 3 |  4- 6 |  7- 9 || total
-------------------------+-------+-------+-------++-------
Melee: Unarmed           |     5 |       |       ||     5
       Whip              |    11 |       |       ||    11
       Short sword       |     6 |    21 |       ||    27
       Quarterstaff      |     4 |     2 |       ||     6
       Falchion          |       |    19 |       ||    19
       Mace              |       |    20 |    24 ||    44
 Cast: Magic Dart        |    67 |    28 |    35 ||   130
       Searing Ray       |     1 |     4 |     1 ||     6
       Dazzling Spray    |       |     9 |     1 ||    10
  Use: Scroll            |     7 |     5 |       ||    12
       Potion            |     1 |     1 |     1 ||     3
 Stab: Sleeping          |     1 |     5 |       ||     6
       Distracted        |       |     1 |       ||     1
  Eat: Chunk             |     3 |     7 |     5 ||    15
       Beef jerky        |       |     1 |       ||     1
       Pizza             |       |     1 |       ||     1
